 Dungeon Crawl Stone Soup version 0.29.0-13-gc9e81de378 (webtiles) character file.

Game seed: 10224468809339764904

220072 trckry the Hand of Fortune (level 19, -1/120 HPs)
             Began as a Gargoyle Gladiator on Sept 7, 2022.
             Was the Champion of Nemelex Xobeh.
             Killed from afar by a crystal guardian (40 damage)
             ... with a crystal bolt
             ... led by a peacekeeper
             ... on level 1 of the Vaults.
             The game lasted 02:17:18 (30534 turns).

trckry the Hand of Fortune (Gargoyle Gladiator)    Turns: 30534, Time: 02:17:19

Health: -1/120     AC: 45    Str: 29    XL:     19   Next: 16%
Magic:  32/32      EV:  9    Int:  9    God:    Nemelex Xobeh [******]
Gold:   2924       SH: 18    Dex: 11    Spells: 18/18 levels left

rFire   . . .      SeeInvis +   B - +0 morningstar
rCold   . . .      Faith    .   T - +2 tower shield {reflect}
rNeg    + + .      Spirit   .   X - +2 plate armour {Will+}
rPois   ∞          Reflect  +   A - +0 helmet
rElec   +          Harm     .   r - +1 cloak
rCorr   .          Rampage  .   k - +0 pair of gloves
Will    ++...                   O - +2 pair of boots
Stlth   ..........              i - amulet of regeneration
HPRegen 1.10/turn               F - +4 ring of protection
MPRegen 0.23/turn               M - ring of Sloth {rN+ Str+3 SInv}

@: flying
A: sickness immunity, AC +14, big wings, negative energy resistance 1,
electricity resistance, torment resistance 1, petrification resistance
}: 1/15 runes: serpentine
a: Renounce Religion, Draw Escape, Draw Destruction, Draw Summoning, Triple
Draw, Deal Four, Stack Five


You were on level 1 of the Vaults.
You worshipped Nemelex Xobeh.
Nemelex Xobeh was exalted by your worship.
You visited 6 branches of the dungeon, and saw 28 of its levels.

You collected 3480 gold pieces.
You spent 556 gold pieces at shops.

Inventory:

Hand Weapons
 B - a +0 morningstar (weapon)
 K - the +8 whip "Bacsaiwa" {flame, rN+}
   (You found it on level 7 of the Dungeon)

   It burns those it strikes, dealing additional fire damage.
   rN:        It protects you from negative energy.
Missiles
 d - 2 throwing nets (quivered)
Armour
 k - a +0 pair of gloves (worn)
 r - a +1 cloak (worn)
 A - a +0 helmet (worn)
 O - a +2 pair of boots (worn)
 T - a +2 tower shield of reflection (worn)
 X - a +2 plate armour of willpower (worn)
Jewellery
 i - an amulet of regeneration (around neck)
 F - a +4 ring of protection (left hand)
 I - a ring of positive energy
 M - the ring of Sloth (right hand) {rN+ Str+3 SInv}
   (You took it off a kobold demonologist on level 12 of the Dungeon)

   [ring of see invisible]

   Str:       It affects your strength (+3).
   rN:        It protects you from negative energy.
   SInv:      It lets you see invisible.
 N - a ring of willpower
 Q - an amulet of guardian spirit
Wands
 e - a wand of acid (10)
 v - a wand of polymorph (9)
 D - a wand of paralysis (14)
 G - a wand of mindburst (12)
 H - a wand of iceblast (17)
 Z - a wand of digging (11)
Scrolls
 f - 19 scrolls of teleportation
 h - 8 scrolls of fear
 l - 5 scrolls of amnesia {unknown}
 m - 7 scrolls of vulnerability {unknown}
 n - 2 scrolls of brand weapon {unknown}
 p - 14 scrolls of blinking {unknown}
 q - 37 scrolls of identify
 t - 2 scrolls of silence {unknown}
 u - 3 scrolls of summoning
 w - a scroll of butterflies {unknown}
 y - 2 scrolls of enchant weapon {unknown}
 C - 8 scrolls of magic mapping {unknown}
 R - 5 scrolls of immolation {unknown}
 V - 3 scrolls of enchant armour {unknown}
 Y - 2 scrolls of torment
Potions
 a - 6 potions of lignification {unknown}
 b - 8 potions of heal wounds
 c - a potion of resistance {unknown}
 g - a potion of magic {unknown}
 j - 23 potions of curing {unknown}
 o - 4 potions of cancellation {unknown}
 s - 4 potions of ambrosia {unknown}
 x - 4 potions of brilliance
 z - 5 potions of attraction {unknown}
 E - 5 potions of might
 J - a potion of invisibility {unknown}
 L - 4 potions of degeneration {unknown}
 P - 2 potions of mutation {unknown}
 S - 4 potions of haste
 U - a potion of berserk rage {unknown}
 W - 2 potions of flight {unknown}


   Skills:
 + Level 13.7 Fighting
 - Level 16.0 Maces & Flails
 - Level 1.7 Throwing
 + Level 13.5 Armour
 + Level 10.8 Dodging
 + Level 11.8 Shields
 * Level 18.5 Invocations
 + Level 9.7 Evocations


You had 18 spell levels left.
You didn't know any spells.
Your spell library contained the following spells:

 Spells                   Type           Power      Damage    Failure   Level
 Ensorcelled Hibernation  Hex/Ice        0%         N/A       100%        2
 Passwall                 Tmut/Erth      0%         N/A       100%        2
 Static Discharge         Conj/Air       0%         3-3/arc   100%        2
 Wereblood                Tmut           0%         N/A       100%        2
 Call Canine Familiar     Summ           0%         N/A       100%        3
 Dazzling Flash           Conj/Hex       0%         N/A       100%        3
 Gell's Gravitas          Tloc           0%         N/A       100%        3
 Inner Flame              Hex/Fire       0%         N/A       100%        3
 Lesser Beckoning         Tloc           0%         N/A       100%        3
 Ozocubu's Armour         Ice            0%         N/A       100%        3
 Swiftness                Air            0%         N/A       100%        3
 Teleport Other           Tloc           0%         N/A       100%        3
 Anguish                  Hex/Necr       0%         N/A       100%        4
 Cause Fear               Hex            0%         N/A       100%        4
 Fulminant Prism          Conj/Hex       0%         3d6       100%        4
 Iskenderun's Mystic Bla  Conj/Tloc      0%         2d3       100%        4
 Summon Ice Beast         Ice/Summ       0%         N/A       100%        4
 Blade Hands              Tmut           0%         N/A       100%        5
 Freezing Cloud           Conj/Ice/Air   0%         6-21      100%        5
 Irradiate                Conj/Tmut      0%         3d11      100%        5
 Lee's Rapid Deconstruct  Erth           0%         3d5*      100%        5
 Metabolic Englaciation   Hex/Ice        0%         N/A       100%        5
 Summon Forest            Summ/Tloc      0%         N/A       100%        5
 Summon Mana Viper        Hex/Summ       0%         N/A       100%        5
 Simulacrum               Ice/Necr       0%         N/A       100%        6
 Starburst                Conj/Fire      0%         6d3       100%        6
 Summon Cactus Giant      Summ           0%         N/A       100%        6
 Dragon Form              Tmut           0%         N/A       100%        7
 Enfeeble                 Hex            0%         N/A       100%        7
 Monstrous Menagerie      Summ           0%         N/A       100%        7
 Summon Hydra             Summ           0%         N/A       100%        7
 Discord                  Hex            0%         N/A       100%        8
 Polar Vortex             Ice            0%         N/A       100%        9
 Sublimation of Blood     Necr           Unusable   N/A       N/A         2

Dungeon Overview and Level Annotations

Branches:
Dungeon (15/15) Zot: 25729  Temple (1/1) D:5 Zot: 5808    Lair (5/5) D:11 Zot: 21241
 Shoals (0/4) Lair:2        Snake (4/4) Lair:3 Zot: 17199   Slime (0/5) Lair:4
    Orc (2/2) D:10 Zot: 10388     Elf (0/3) Orc:2        Vaults (1/5) D:13 Zot: 4193
 Depths (0/4) D:15

Altars:
Ashenzari
Cheibriados
Dithmenos
Elyvilon
Fedhas
Gozag
Hepliaklqana
Kikubaaqudgha
Makhleb
Nemelex Xobeh
Okawaru
Qazlal
Ru
Sif Muna
Trog
Uskayaw
Vehumet
Wu Jian
Xom
Yredelemnul
Zin
The Shining One
Jiyva

Shops:
D:5 (   D:12 ?   D:13 ((   Orc:2 ?[**   Snake:3 [(

Annotations:
D:10 exclusion: obsidian statue
D:11 3 runed translucent doors, groovy9's ghost, journeyman TrBe
Lair:5 exclusion: ice statue


Innate Abilities, Weirdness & Mutations

You are immune to sickness and miasma.
Your stone body is resilient. (AC +14)
You are immune to poison.
Your large and strong wings let you fly.
You resist negative energy. (rN+)
You are resistant to electric shocks. (rElec)
You are resistant to unholy torment.
You are immune to petrification.


Message History

An open door.
Okay, then.
You feel much better.
The crystal guardian fires a crystalline bolt at you.
The crystal bolt misses you.
You regained 33 hp, and now have 40/120 hp.
The crystal guardian attacks as you move away!
The crystal guardian barely misses you.
You see here a +0 falchion.
The crystal guardian attacks as you move away!
The crystal guardian hits you but does no damage.
The crystal guardian no longer looks unusually strong.
The crystal guardian fires a crystalline bolt at you.
The crystal bolt burns you but does no damage.
You regained 2 hp, and now have 43/120 hp.
There is an open door here.
You draw a card...
You have drawn Exile.
The crystal guardian fires a crystalline bolt at you.
The crystal bolt misses you.
The crystal guardian fires a crystalline bolt at you.
The crystal bolt freezes you.
There is an open door here.
You take 5 damage, and have 44/120 hp.
The lindwurm breathes flames at you.
The blast of flame hits the crystal guardian.
The crystal guardian completely resists.
The blast of flame hits you!
* * * LOW HITPOINT WARNING * * *
You take 12 damage, and have 32/120 hp.
You reach down and close the door.
A crystal guardian opens the door.
You regained 2 hp, and now have 35/120 hp.
There is an open door here.
The crystal guardian fires a crystalline bolt at you.
The crystal bolt misses you.
Items here: ))) ÷÷.
The crystal guardian fires a crystalline bolt at you.
The crystal bolt freezes you!!!
You die...
Your body glows with a rainbow of weird colours and disappears.

#.....J...####
#......J..#..#
#..##'##k##..#
#..#....)9...####
############
####...).....#..#
#8.)........ #..##+##'##..#
#..#.......#
#..#.)...)...####..##.....##
####.....)...#..'..#.88888.#
#..##+##@##..'..##.....##
#..#.........'..#.......#
####.........'..#########
#####+######## # #..# #..#
#..# #####..#####
#..........#


You could see a crystal guardian, a large slime creature and a lindwurm.

Vanquished Creatures
  Vashnia (Snake:2)
  Nikola (Snake:2)
  8 nagarajas
  A vault warden (Vaults:1)
  An emperor scorpion (Lair:4)
  An orc warlord (D:10)
  6 very ugly things (Vaults:1)
  2 ironbound thunderhulks (Vaults:1)
  An ironbound preserver (Vaults:1)
  A dire elephant (Snake:3)
  An entropy weaver (Vaults:1)
  Snorg (Lair:5)
  2 yaktaur captains (Vaults:1)
  The ghost of Gauc the Cleaver, a journeyman HOFi of Beogh (D:12)
  A salamander tyrant (Snake:4)
  Erolcha (D:9)
  A peacekeeper (Vaults:1)
  A hydra (shapeshifter) (D:12)
  8 hydras
  Harold (D:10)
  5 boulder beetles
  A catoblepas (D:12)
  4 vault guards (D:13)
  2 ogre magi
  An ice dragon (Lair:5)
  13 anacondas
  2 death yaks (Lair:4)
  8 two-headed ogres
  A death knight (D:12)
  12 centaur warriors
  An ironbound frostheart (Vaults:1)
  18 naga warriors
  6 tengu warriors
  6 shock serpents
  12 naga sharpshooters
  6 salamander mystics
  5 sea snakes
  A deep troll (D:15)
  A swamp dragon (Vaults:1)
  9 naga ritualists
  A lindwurm (shapeshifter) (D:15)
  3 wizards
  7 lindwurms
  2 deep elf pyromancers (D:12)
  An orc knight (Orc:1)
  18 ugly things
  20 mana vipers
  A deep elf zephyrmancer (D:15)
  10 orc sorcerers (Orc:2)
  8 cyclopes
  8 manticores
  7 salamanders
  23 elephants
  6 guardian serpents
  9 naga magi
  33 black mambas
  5 vault sentinels (Vaults:1)
  6 torpor snails (Lair:5)
  2 gargoyles (D:12)
  3 rime drakes
  An unseen horror (D:12)
  A kobold demonologist (D:12)
  7 cane toads
  5 komodo dragons
  5 yaktaurs (Vaults:1)
  A tengu conjurer (D:15)
  An efreet (D:12)
  A queen bee (shapeshifter) (D:15)
  A meliai (Lair:4)
  4 tyrant leeches
  13 trolls
  9 hornets
  16 polar bears
  A wind drake (Vaults:1)
  15 blink frogs
  28 slime creatures
  2 raiju (Lair:5)
  A dream sheep (Snake:2)
  A culicivora (Vaults:1)
  A shapeshifter (Lair:3)
  3 shadows
  A water elemental (D:13)
  7 wyverns
  7 wraiths
  2 vampires
  A hog (Lair:3)
  49 yaks
  4 basilisks
  6 vampire mosquitoes
  A steam dragon (D:9)
  A redback (Vaults:1)
  A swamp worm (Snake:2)
  15 wargs
  35 nagas
  12 water moccasins
  2 acid dragons
  13 hell hounds (Lair:5)
  15 black bears
  A sky beast (D:8)
  9 ice beasts
  7 orc warriors
  31 wolves
  11 centaurs
  13 ogres
  A phantom (D:4)
  5 kobold brigands
  8 bullfrogs
  2 necrophages
  A gnoll sergeant (D:5)
  4 scorpions
  10 wights
  6 killer bees
  5 howler monkeys
  15 electric eels
  2 hounds
  5 jellies
  9 orc priests
  2 gnoll boudas
  10 iguanas
  36 orc wizards
  Robin (D:3)
  22 gnolls
  6 adders
  2 shadow imps (D:7)
  4 white imps (Lair:5)
  2 ufetubi
  A worm (D:4)
  4 dart slugs
  66 orcs
  7 endoplasms
  16 goblins
  6 hobgoblins
  10 jackals
  22 kobolds
  5 quokkas
  5 ball pythons
  6 bats
  4 frilled lizards
  4 rats
1003 creatures vanquished.

Vanquished Creatures (collateral kills)
  Saint Roka (Vaults:1)
  2 vault wardens (Vaults:1)
  A frost giant (Vaults:1)
  An ironbound thunderhulk (Vaults:1)
  A broodmother (Lair:4)
  A fire dragon (Lair:4)
  A yaktaur captain (Vaults:1)
  A vault guard (Vaults:1)
  Erica (D:9)
  A two-headed ogre (D:15)
  A naga ritualist (Snake:2)
  An ironbound convoker (Vaults:1)
  2 orc knights (Vaults:1)
  An orc sorcerer (Orc:1)
  A yaktaur (Vaults:1)
  3 trolls
  A dream sheep (Vaults:1)
  5 orc warriors (Vaults:1)
  A wolf (Lair:5)
  A centaur (D:15)
  An orc priest (Vaults:1)
  An orc wizard (Vaults:1)
  5 orcs
35 creatures vanquished.

Vanquished Creatures (others)
  An orc sorcerer (Vaults:1)
  A naga mage (Snake:3)
  A naga (Snake:2)
  A jelly (Lair:4)
  An orc wizard (D:7)
  24 fungi
  128 plants
157 creatures vanquished.

Grand Total: 1195 creatures vanquished

Notes
Turn   | Place    | Note
-------+----------+-------------------------------------------
     0 | D:1      | trckry the Gargoyle Gladiator began the quest for the Orb.
     0 | D:1      | Reached XP level 1. HP: 12/12 MP: 1/1
   203 | D:1      | Reached XP level 2. HP: 18/18 MP: 2/2
   420 | D:1      | Reached skill level 1 in Armour
   420 | D:1      | Reached XP level 3. HP: 20/22 MP: 3/3
   656 | D:1      | Found a faded altar of an unknown god.
   704 | D:1      | Prayed at the altar of an unknown god.
   704 | D:1      | Became a worshipper of Nemelex Xobeh the Trickster
   704 | D:1      | Reached * piety under Nemelex Xobeh
   704 | D:1      | Received a gift from Nemelex Xobeh
   937 | D:1      | Reached XP level 4. HP: 27/27 MP: 4/4
  1012 | D:2      | Reached skill level 1 in Invocations
  1162 | D:2      | Found a bloodstained altar of Trog.
  1378 | D:2      | Reached XP level 5. HP: 32/32 MP: 6/6
  1389 | D:2      | Identified the +5 ring mail "Unny" {+Inv}
  1727 | D:3      | Found an iron altar of Okawaru.
  1733 | D:3      | You fall into a shaft and drop 1 floor!
  1798 | D:3      | Reached ** piety under Nemelex Xobeh
  1958 | D:3      | Found a shadowy altar of Dithmenos.
  2105 | D:3      | Reached skill level 2 in Invocations
  2120 | D:3      | Found a glowing golden altar of the Shining One.
  2206 | D:3      | Noticed Robin
  2212 | D:3      | Killed Robin
  2820 | D:4      | Noticed a phantom
  2831 | D:4      | Killed a phantom
  2832 | D:4      | Reached XP level 6. HP: 37/37 MP: 7/7
  2979 | D:5      | Entered Level 5 of the Dungeon
  2998 | D:5      | Found a staircase to the Ecumenical Temple.
  3141 | D:5      | Reached skill level 3 in Invocations
  3156 | D:5      | Noticed an ice beast
  3186 | D:5      | Killed an ice beast
  3187 | D:5      | Reached XP level 7. HP: 29/41 MP: 9/9
  3211 | D:5      | Found a hazy altar of Hepliaklqana.
  3398 | D:5      | Reached *** piety under Nemelex Xobeh
  3398 | D:5      | Found Ficoes Yquut's Weapon Shop.
  3406 | D:5      | Reached skill level 5 in Maces & Flails
  3464 | D:5      | Received a gift from Nemelex Xobeh
  3474 | D:5      | Reached skill level 4 in Invocations
  3711 | Temple   | Entered the Ecumenical Temple
  3946 | D:6      | Found a burning altar of Makhleb.
  4072 | D:6      | Reached XP level 8. HP: 44/48 MP: 11/11
  4287 | D:5      | Reached skill level 5 in Invocations
  4624 | D:7      | Received a gift from Nemelex Xobeh
  4633 | D:7      | Found a broken altar of Ashenzari.
  4678 | D:7      | Identified the +8 whip "Bacsaiwa" {flame, rN+}
  4847 | D:7      | Received a gift from Nemelex Xobeh
  4997 | D:7      | Found an ornate altar of the Wu Jian Council.
  4997 | D:7      | Found a radiant altar of Vehumet.
  4997 | D:7      | Found an ancient bone altar of Kikubaaqudgha.
  4998 | D:7      | Noticed a wraith
  5022 | D:7      | Killed a wraith
  5023 | D:7      | Reached skill level 5 in Fighting
  5023 | D:7      | Reached skill level 6 in Invocations
  5023 | D:7      | Reached XP level 9. HP: 42/54 MP: 13/13
  5027 | D:7      | Found a glowing silver altar of Zin.
  5197 | D:8      | Reached **** piety under Nemelex Xobeh
  5201 | D:8      | Noticed a hornet
  5212 | D:8      | Killed a hornet
  5306 | D:8      | Reached skill level 1 in Evocations
  5603 | D:8      | Reached skill level 5 in Armour
  5647 | D:8      | Reached skill level 7 in Invocations
  5716 | D:8      | Received a gift from Nemelex Xobeh
  5878 | D:8      | Found a stormy altar of Qazlal.
  5895 | D:9      | Noticed Erolcha
  5909 | D:9      | Killed Erolcha
  5910 | D:9      | Reached XP level 10. HP: 55/60 MP: 15/15
  5938 | D:9      | Reached skill level 5 in Dodging
  6036 | D:9      | Noticed Erica
  6045 | D:9      | Reached skill level 8 in Invocations
  6084 | D:9      | Killed Erica
  6138 | D:9      | Noticed a two-headed ogre
  6153 | D:9      | Killed a two-headed ogre
  6575 | D:10     | Entered Level 10 of the Dungeon
  6579 | D:10     | Found the +7 great mace "Firestarter" {inner flame, rF++}
  6581 | D:10     | Noticed an obsidian statue
  6587 | D:10     | Upgraded the game from 0.29.0-11-gd7f09526c8 to
                  | 0.29.0-13-gc9e81de378
  6612 | D:10     | Found a staircase to the Orcish Mines.
  6681 | D:10     | Found a shimmering blue altar of Sif Muna.
  6705 | D:10     | Reached skill level 9 in Invocations
  6730 | D:10     | Found a sacrificial altar of Ru.
  6743 | D:10     | Received a gift from Nemelex Xobeh
  6901 | D:10     | Reached XP level 11. HP: 58/66 MP: 17/17
  6915 | D:10     | Noticed Harold
  6941 | D:10     | Killed Harold
  7124 | D:10     | Reached ***** piety under Nemelex Xobeh
  7417 | D:10     | Received a gift from Nemelex Xobeh
  7937 | D:11     | Noticed a cyclops
  7956 | D:11     | Killed a cyclops
  7970 | D:11     | Found a staircase to the Lair.
  8099 | D:11     | Found a runed translucent gate.
  8100 | D:11     | Found a runed translucent gate.
  8101 | D:11     | Found a runed translucent gate.
  8104 | D:11     | Noticed groovy9's ghost (journeyman TrBe)
  8161 | D:11     | Reached skill level 1 in Shields
  8575 | D:11     | Received a gift from Nemelex Xobeh
  8745 | D:12     | Noticed a manticore
  8819 | Orc:1    | Entered Level 1 of the Orcish Mines
  8828 | Orc:1    | Noticed an orc warlord
  8863 | D:10     | Killed an orc warlord
  8864 | D:10     | Reached skill level 10 in Invocations
  8907 | D:10     | Reached skill level 10 in Maces & Flails
  8939 | Orc:2    | Entered Level 2 of the Orcish Mines
  9005 | Lair:1   | Entered Level 1 of the Lair of Beasts
  9198 | Lair:2   | Noticed a six-headed hydra
  9202 | Lair:2   | a six-headed hydra changed into a tyrant leech
  9205 | Lair:2   | Reached XP level 12. HP: 73/73 MP: 19/19
  9353 | Lair:5   | Entered Level 5 of the Lair of Beasts
  9359 | Lair:5   | Received a gift from Nemelex Xobeh
  9794 | Lair:1   | Identified the +1 ring mail of Ahetu {rF+ Dex+2}
 10425 | Lair:2   | Reached skill level 5 in Evocations
 10445 | Lair:2   | Received a gift from Nemelex Xobeh
 10678 | Lair:2   | Found a staircase to the Shoals.
 10730 | Lair:3   | Reached skill level 11 in Invocations
 10807 | Lair:3   | Received a gift from Nemelex Xobeh
 10843 | Lair:3   | Noticed an eight-headed hydra
 10852 | Lair:3   | Killed an eight-headed hydra
 11022 | Lair:3   | Reached ****** piety under Nemelex Xobeh
 11332 | Lair:3   | Found a staircase to the Snake Pit.
 11763 | Lair:4   | Reached XP level 13. HP: 47/79 MP: 21/21
 11851 | Lair:4   | Received a gift from Nemelex Xobeh
 11983 | Lair:4   | HP: 12/80 [rime drake/flash freeze (23)]
 12090 | Lair:4   | Reached skill level 5 in Shields
 12303 | Lair:4   | Reached skill level 12 in Invocations
 12311 | Lair:4   | Noticed a fire dragon
 12311 | Lair:4   | a death yak changed into a fire dragon
 12311 | Lair:4   | Noticed an emperor scorpion
 12311 | Lair:4   | a death yak changed into an emperor scorpion
 12311 | Lair:4   | Noticed a broodmother
 12311 | Lair:4   | a death yak changed into a broodmother
 12315 | Lair:4   | Killed a fire dragon
 12318 | Lair:4   | Killed an emperor scorpion
 12319 | Lair:4   | Killed a broodmother
 12362 | Lair:4   | Found a viscous altar of Jiyva.
 12363 | Lair:4   | Found a staircase to the Slime Pits.
 12839 | Lair:5   | Received a gift from Nemelex Xobeh
 13151 | Lair:5   | Gained mutation: Your large and strong wings let you fly.
                  | [Gargoyle growth]
 13151 | Lair:5   | Reached XP level 14. HP: 82/86 MP: 23/23
 13362 | Lair:5   | Reached skill level 13 in Invocations
 13706 | Lair:5   | Received a gift from Nemelex Xobeh
 13799 | Lair:5   | Noticed Snorg
 13820 | Lair:5   | Killed Snorg
 14291 | Lair:5   | Reached skill level 10 in Fighting
 14847 | Lair:5   | Found a runed translucent door.
 15052 | Lair:5   | Reached skill level 10 in Armour
 15529 | Orc:1    | Received a gift from Nemelex Xobeh
 15952 | Orc:1    | Reached XP level 15. HP: 77/92 MP: 25/25
 16019 | Orc:1    | Received a gift from Nemelex Xobeh
 16383 | Orc:2    | Reached skill level 14 in Invocations
 16516 | Orc:2    | Found Zotraodiha's Assorted Antiques.
 16516 | Orc:2    | Found Figink's General Store.
 16571 | Orc:2    | Bought a large malachite amulet for 115 gold pieces
 16595 | Orc:2    | Bought a scroll of identify for 32 gold pieces
 16631 | Orc:2    | Found a staircase to the Elven Halls.
 17096 | Orc:2    | Found Toj Fopa's Antique Armour Boutique.
 17096 | Orc:2    | Found Nayniac's Magic Scroll Shoppe.
 17111 | Orc:2    | Bought a scroll of identify for 20 gold pieces
 17111 | Orc:2    | Bought a scroll of identify for 20 gold pieces
 17111 | Orc:2    | Bought a scroll of teleportation for 30 gold pieces
 17111 | Orc:2    | Bought a scroll of torment for 95 gold pieces
 17111 | Orc:2    | Bought a scroll of teleportation for 30 gold pieces
 17111 | Orc:2    | Bought a scroll of identify for 20 gold pieces
 17111 | Orc:2    | Bought a scroll of fear for 40 gold pieces
 17240 | D:12     | Received a gift from Nemelex Xobeh
 17348 | D:12     | Identified the ring of Sloth {rN+ Str+3 SInv}
 17415 | D:12     | Found Booxzar's Magic Scroll Boutique.
 17422 | D:12     | Bought a scroll of noise for 14 gold pieces
 17422 | D:12     | Bought a scroll of teleportation for 42 gold pieces
 17422 | D:12     | Bought a scroll of teleportation for 42 gold pieces
 17422 | D:12     | Bought a scroll of identify for 28 gold pieces
 17422 | D:12     | Bought a scroll of identify for 28 gold pieces
 17491 | D:12     | Found a hazy altar of Hepliaklqana.
 18201 | D:12     | Identified the +4 spear of Karma {drain, *Noise Will+ Int+3
                  | Dex+2}
 18403 | D:12     | Identified the +4 flail of the Devouring Dove {protect,
                  | rN++}
 18404 | D:12     | Got the Tractate on Allies and the Welkin
 18408 | D:12     | Identified the +3 leather armour "Doptocw" {rF+ Str+3}
 18515 | D:12     | Found a runed translucent door.
 18518 | D:12     | Noticed Gauc's ghost (journeyman HOFi)
 18546 | D:12     | Killed Gauc's ghost
 18963 | D:13     | Received a gift from Nemelex Xobeh
 19096 | D:13     | Found Ciec's Weapon Boutique.
 19153 | D:13     | Reached skill level 15 in Invocations
 19153 | D:13     | Reached XP level 16. HP: 91/100 MP: 27/27
 19288 | D:13     | Found a gate to the Vaults.
 19521 | D:13     | Found Tiakigg's Antique Weapon Shop.
 19794 | D:14     | Identified the ring "Oxturoabb" {rPois EV+4 Str-2 Dex+9}
 20093 | D:15     | Entered Level 15 of the Dungeon
 20265 | D:15     | Received a gift from Nemelex Xobeh
 20269 | D:15     | Noticed Nessos
 20381 | D:15     | Noticed Nessos
 20381 | D:15     | Nessos changed into Nessos the mana viper
 20389 | D:15     | Killed Nessos the mana viper
 20430 | D:15     | Found a staircase to the Depths.
 20547 | D:15     | Found a glowing golden altar of the Shining One.
 20725 | D:15     | Found an iron altar of Okawaru.
 21096 | D:15     | Reached skill level 15 in Maces & Flails
 21173 | D:15     | Received a gift from Nemelex Xobeh
 21379 | Snake:1  | Entered Level 1 of the Snake Pit
 21928 | Snake:1  | Reached skill level 16 in Invocations
 22514 | Snake:2  | Noticed Nikola
 22520 | Snake:2  | Reached XP level 17. HP: 69/106 MP: 29/29
 22525 | Snake:2  | HP: 13/106 [Nikola/arc of chain lightning (32)]
 22663 | Snake:2  | Killed Nikola
 22832 | Snake:2  | Noticed Vashnia
 22849 | Snake:2  | Killed Vashnia
 23047 | Snake:2  | Received a gift from Nemelex Xobeh
 23261 | Snake:2  | Found a white marble altar of Elyvilon.
 23374 | Snake:2  | Received a gift from Nemelex Xobeh
 23412 | Snake:2  | Reached skill level 10 in Shields
 23535 | Snake:2  | You are sucked into a shaft and drop 1 floor!
 24064 | Snake:3  | Found a broken altar of Ashenzari.
 24072 | Snake:3  | Found the +18 shield of the Gong {rElec rN+ Will+ EV-5}
 24075 | Snake:3  | Received a gift from Nemelex Xobeh
 24101 | Snake:3  | Found Ciskeixt's Weapon Boutique.
 24206 | Snake:3  | Found Oczio's Antique Armour Shop.
 25667 | Snake:4  | Entered Level 4 of the Snake Pit
 25775 | Snake:4  | Reached skill level 10 in Dodging
 25791 | Snake:4  | Reached skill level 17 in Invocations
 25906 | Snake:4  | Received a gift from Nemelex Xobeh
 26337 | Snake:4  | Received a gift from Nemelex Xobeh
 26466 | Snake:4  | Reached XP level 18. HP: 89/113 MP: 30/30
 28065 | Snake:4  | Received a gift from Nemelex Xobeh
 28117 | Snake:4  | Got a serpentine rune of Zot
 28607 | Vaults:1 | Entered Level 1 of the Vaults
 29084 | Vaults:1 | Reached skill level 18 in Invocations
 29154 | Vaults:1 | Noticed Saint Roka
 29165 | Vaults:1 | Killed Saint Roka
 29800 | Vaults:1 | Reached XP level 19. HP: 54/120 MP: 32/32
 29807 | Vaults:1 | HP: 15/120 [acid (10)]
 30480 | Vaults:1 | Received a gift from Nemelex Xobeh
 30517 | Vaults:1 | HP: 7/120 [crystal guardian/crystal bolt[a peacekeeper]
                  | (41)]
 30534 | Vaults:1 | Killed from afar by a crystal guardian

Illustrated notes

Levels and vault maps discovered:
D:1:      scummos_arrival_gate, layout_rooms,
          hellmonk_ecumenical_altar_crossroads
D:2:      layout_basic, basic_altar
D:3:      layout_basic, nicolae_dithmenos_the_darkroom,
          mainiacjoe_overflow_large_starburst, uniq_robin
D:4:      layout_basic, minmay_stone_trees_small
D:5:      layout_basic, lemuel_round_altar, minmay_temple_entry_mist,
          serial_shops, nicolae_shop_crystal
D:6:      layout_cave_pools, overflow_temple_1_default
D:7:      layout_loops_ring, nicolae_ashenzari_panopticon,
          grunt_temple_overflow_open
D:8:      layout_loops_ring, kennysheep_mini
D:9:      layout_roguey, uniq_erica, uniq_erolcha
D:10:     layout_basic, nicolae_sif_muna_condensation,
          mainiacjoe_overflow_24_doors, minmay_protected_statue, uniq_harold
D:11:     layout_basic, grunt_lair_entry_orc_guard_hut,
          ebering_ghost_rock_garden
D:12:     minmay_the_grid_octo_tiled_octocenter [minmay_the_grid_octo_checkered,
          minmay_the_grid_octo_toaster, minmay_the_grid_octo_thin_diamonds,
          minmay_the_grid_octo_vomiting_pacman,
          minmay_the_grid_octo_prize_square_snowflake,
          minmay_the_grid_square_5x5_two_walls_b,
          minmay_the_grid_square_5x5_minivault,
          minmay_the_grid_square_5x5_hourglass,
          minmay_the_grid_square_5x5_shrine2], layout_loops_cross, serial_shops,
          shop_statue, ebering_ghost_reflecting_pool
D:13:     layout_cave_pools, lightli_vaults_fourway_checkpoint, serial_shops,
          nicolae_diamond_shop, shop_fountains, kennysheep_pointless_box,
          corexii_hall_statues_s, minmay_shattered_shrine
D:14:     layout_roguey
D:15:     hangedman_depths_entry_civil_slaughter, layout_basic, tso_altar,
          okawaru_gym_becter, uniq_nessos
Temple:   grunt_temple_mini_profane
Lair:1:   layout_cave_pods, grunt_megastairs_3
Lair:2:   layout_cave_shapes, shoals_dummy_entry, grunt_forest_small_clearings,
          st_stairs_5
Lair:3:   layout_gridlike, dummy_snake_entry, gammafunk_lair_bear_cave,
          grunt_megastairs_4
Lair:4:   layout_hall_layers, minmay_slime_entry_pillars,
          nicolae_lair_grazing_beasts [nicolae_sub_lair_graze_edge,
          nicolae_sub_lair_graze_edge, nicolae_sub_lair_graze_edge,
          nicolae_sub_lair_graze_edge]
Lair:5:   hangedman_lair_caniforms_friends, layout_cellular_growth, wormcave,
          minmay_stone_trees_large, ice2_lemuel, uniq_snorg
Snake:1:  layout_cave_pods
Snake:2:  layout_grid_maze, basic_altar, nicolae_snake_snake_lake,
          nicolae_large_snake_swirl, serial_bayou_shore_b, uniq_nikola,
          uniq_vashnia
Snake:3:  nicolae_snake_unarmed_stairs_patrol, layout_cave_shapes, basic_altar,
          minmay_shoptagon, serial_bayou_shore_a
Snake:4:  snake_pit, layout_cave_town, serial_bayou_pond_c,
          nicolae_snake_coiling_death
Orc:1:    layout_caves
Orc:2:    st_orc_town, layout_caves
Vaults:1: vaults_dpeg_hooks, vaults_room_door_hall, v_alt_pattern_2,
          hangedman_vaults_impose, ontoclasm_vaults_ring_square, v_misc_1,
          vaults_mumra_hexcomb, nicolae_vaults_big_ls, vaults_dpeg_cross,
          hangedman_vaults_stagger, ontoclasm_vaults_gallery,
          grunt_vaults_focal, layout_vaults_maze_bifur, serial_shops,
          nicolae_shop_hallway_stairs, uniq_saint_roka

Skill      XL: |  1  2  3  4  5  6  7  8  9 10 11 12 13 14 15 16 17 18 |
---------------+-------------------------------------------------------+-----
Armour         | 1 2 3 4 5 6 7 8 9 10 11 12 13 | 13.5
Invocations    | 1 2 3 4 6 7 9 10 11 12 13 15 16 17 18 | 18.5
Fighting       | 3 4 5 6 7 8 9 10 11 12 13 | 13.7
Maces & Flails | 4 5 6 7 9 10 11 12 13 14 15 16 | 16.0
Dodging        | 3 4 5 6 7 8 9 10 | 10.8
Evocations     | 2 3 4 5 6 7 8 9 |  9.7
Shields        | 2 4 6 7 8 9 10 11 | 11.8
Throwing       | |  1.7

Action                   |  1- 3 |  4- 6 |  7- 9 | 10-12 | 13-15 | 16-18 | 19-21 || total
-------------------------+-------+-------+-------+-------+-------+-------+-------++-------
Melee: Flail             |   114 |   237 |   188 |     2 |       |       |       ||   541
       Punch             |     2 |       |     4 |     5 |       |       |       ||    11
       Whip              |       |       |   100 |   780 |  1989 |  2368 |    58 ||  5295
       Morningstar       |       |       |       |       |       |       |   108 ||   108
Throw: Dart              |     6 |       |       |     9 |    20 |       |       ||    35
       Throwing net      |       |     3 |     1 |       |       |       |     1 ||     5
Invok: Draw Summoning    |       |       |       |     4 |     5 |     6 |     1 ||    16
       Draw Destruction  |       |       |       |    10 |    31 |    41 |     2 ||    84
       Triple Draw       |       |       |       |     1 |       |     1 |       ||     2
       Draw Escape       |       |       |       |     4 |       |     3 |     3 ||    10
       Deal Four         |       |       |       |       |     1 |     5 |       ||     6
Evoke: Wand              |       |       |       |     2 |     2 |     1 |       ||     5
  Use: Potion            |       |       |       |       |       |       |     1 ||     1
 Stab: Held in net/web   |       |     1 |       |       |       |       |       ||     1
       Paralysed         |       |       |       |     6 |     1 |    16 |       ||    23
       Distracted        |       |       |       |       |       |     1 |       ||     1
Armor: Leather armour    |    60 |    20 |       |       |       |       |       ||    80
       Ring mail         |       |    80 |   139 |   167 |       |       |       ||   386
       Chain mail        |       |       |       |   238 |   947 |  1052 |       ||  2237
       Plate armour      |       |       |       |       |       |   137 |    72 ||   209
Dodge: Dodged            |    82 |   148 |   157 |   285 |   531 |   521 |    33 ||  1757
Block: Kite shield       |       |       |       |   269 |   908 |    21 |       ||  1198
       Tower shield      |       |       |       |       |       |  1677 |   130 ||  1807
       Reflection        |       |       |       |       |       |   135 |     6 ||   141
